 Dungeon Crawl Stone Soup version 0.16.0-17-g811c1d7 (console) character file.

16 mauris the Grasshopper (level 2, 12/15 HPs)
             Began as a Spriggan Warper on Mar 21, 2015.
             Quit the game on level 2 of the Dungeon.
             The game lasted 00:01:08 (643 turns).

mauris the Grasshopper (Spriggan Warper)             Turns: 643, Time: 00:01:08

Health: 12/15      AC:  2    Str:  7    XL:     2   Next: 41%
Magic:  8/8        EV: 18    Int: 14    God:
Gold:   61         SH:  0    Dex: 15    Spells: 2 memorised, 4 levels left

rFire  . . .     SeeInvis +     a - +0 short sword
rCold  . . .     Clarity  .     b - +0 robe {2}
rNeg   . . .     SustAb   .     (shield restricted)
rPois  .         Gourm    .     (helmet restricted)
rElec  .         Spirit   .     (no cloak)
rCorr  .         Warding  .     (gloves unavailable)
rMut   .         Stasis   .     (boots unavailable)
MR     .....                    (no amulet)
Stlth  +.........               (no ring)
                                (no ring)

@: confused, very quick, not resistant to hostile enchantments, very unstealthy
A: unfitting armour, see invisible, herbivore 3, speed 3, slow metabolism 2
a: no special abilities


You were on level 2 of the Dungeon.
You were not hungry.

You visited 1 branch of the dungeon, and saw 2 of its levels.

You collected 61 gold pieces.

Inventory:

Hand weapons
 a - a +0 short sword (weapon)
Missiles
 e - 5 tomahawks of dispersal (quivered) {!f}
Armour
 b - a +0 robe (worn) {2}
Scrolls
 d - a scroll of blinking
 g - a scroll of identify {unknown}
 h - a scroll of remove curse {unknown}
Potions
 i - a potion of cancellation {unknown}
Books
 c - a book of Spatial Translocations

   Spells                             Type                      Level
   a - Apportation                    Translocation                1
   b - Blink                          Translocation                2
   c - Shroud of Golubria             Charms/Translocation         2
   d - Portal Projectile              Translocation                3
   e - Teleport Other                 Translocation                3
   f - Passage of Golubria            Translocation                4
Comestibles
 f - 2 bread rations


   Skills:
 - Level 1.7 Fighting
 + Level 2.2 Short Blades
 - Level 1.3 Throwing
 - Level 0.7 Armour
 - Level 3.2 Dodging
 + Level 3.0 Spellcasting
 + Level 4.7 Translocations


You had 4 spell levels left.
You knew the following spells:

 Your Spells              Type           Power        Failure   Level  Hunger
A - Apportation           Tloc           ###.......   3%          1    #......
B - Blink                 Tloc           N/A          6%          2    ##.....


Dungeon Overview and Level Annotations

Branches:
Dungeon (2/15)

Altars:

Annotations:
D:2 Sigmund


Innate Abilities, Weirdness & Mutations

You are tiny and cannot use many weapons and most armour.
You have supernaturally acute eyesight.
You are a herbivore.
You cover ground extremely quickly.
You need consume almost no food.


Message History

Found a bread ration.
An adder is nearby!
You see here a bread ration.
f - 2 bread rations (gained 1)
An adder is nearby!
A hobgoblin comes into view. It is wielding a club.
The hobgoblin shouts!
A rat comes into view.
The hobgoblin moves out of view.
Sigmund the Dreaded comes into view.
He is wielding a scythe.
Sigmund shouts!
Sigmund casts a spell at you. The puff of flame hits you!
Found 22 sling bullets.
Damage: -20%(-3hp) hp: 80%(12hp) Sigmund says, "I'm your fate."
Sigmund points at you and mumbles some strange words.
You are confused.
You miss the adder. The adder closely misses you.
Are you sure you want to abandon this character and quit the game? (Confirm with "yes".)

##.#
#.(............#
#.#
#............###
#.# #............#
#.# #............#
##.#
#............#
%..#
#............###.#
####
#.......g@.......
#.......r....##
#.........S@.#
##############


You could see Sigmund, an adder, a hobgoblin and a rat.

Vanquished Creatures
  2 oozes (D:1)
  2 hobgoblins (D:1)
  3 kobolds
  5 goblins (D:1)
12 creatures vanquished.

Notes
Turn   | Place    | Note
--------------------------------------------------------------
     0 | D:1      | mauris, the Spriggan Warper, began the quest for the Orb.
     0 | D:1      | Reached XP level 1. HP: 10/10 MP: 4/4
    66 | D:1      | Huge Dmg: 3 dmg
    69 | D:1      | Reached XP level 2. HP: 6/15 MP: 7/7
    78 | D:1      | Huge Dmg: 2 dmg
   315 | D:1      | Huge Dmg: 3 dmg
   318 | D:1      | Huge Dmg: 3 dmg
   552 | D:1      | Learned a level 2 spell: Blink
   623 | D:2      | Noticed Sigmund
   643 | D:2      | Quit the game

Action                   || total
-------------------------++-------
Melee: Short sword       ||    47
 Stab: Distracted        ||     1

Vault maps used:
D:1:      dpeg_arrival_water_temple_mockup, kennysheep_decorative_pillar,
          nemelex_altar_shiori
D:2:      uniq_iyjb, uniq_sigmund
